 Dungeon Crawl Stone Soup version 0.25-a0-287-g56a5b49892 (webtiles) character file.

Game seed: 15544448976263082504, levelgen mode: deterministic

771 Anathary the Cudgeler (level 7, -8/41 HPs)
             Began as a Gargoyle Fighter on Dec 12, 2019.
             Was an Initiate of Gozag.
             Killed from afar by Dowan (17 damage)
             ... with a shard of ice
             ... on level 4 of the Dungeon.
             The game lasted 00:13:22 (3804 turns).

Anathary the Cudgeler (Gargoyle Fighter)            Turns: 3804, Time: 00:13:25

Health: -8/41      AC: 12    Str: 22    XL:     7   Next: 83%
Magic:  7/7        EV:  8    Int:  8    God:    Gozag
Gold:   409        SH:  9    Dex:  9    Spells: 6/6 levels left

rFire    + . .     SeeInvis .   a - +0 flail
rCold    . . .     Gourm    .   c - +0 shield
rNeg     + . .     Faith    .   b - +0 scale mail
rPois    ∞         Spirit   .   g - +0 helmet
rElec    +         Reflect  .   (no cloak)
rCorr    .         Harm     .   (no gloves)
MR       .....                  (no boots)
Stlth    ..........             (no amulet)
HPRegen  0.13/turn              h - ring of protection from fire
MPRegen  0.10/turn              (no ring)

@: no status effects
A: negative energy resistance 1, electricity resistance, unbreathing,
petrification resistance, rot immunity, AC +4
a: Potion Petition, Call Merchant, Bribe Branch, Renounce Religion


You were on level 4 of the Dungeon.
You worshipped Gozag.
Gozag was aware of your devotion.
You were not hungry.

You visited 1 branch of the dungeon, and saw 4 of its levels.

You collected 455 gold pieces.
You paid 46 gold pieces to Gozag.

Inventory:

Hand Weapons
 a - a +0 flail (weapon)
Armour
 b - a +0 scale mail (worn)
 c - a +0 shield (worn)
 g - a +0 helmet (worn)
Jewellery
 h - a ring of protection from fire (left hand)
 s - a +6 ring of intelligence {unknown}
Wands
 r - a wand of paralysis (1)
 v - a wand of flame (5)
Scrolls
 i - 4 scrolls of identify {unknown}
 j - 2 scrolls of fog {unknown}
 m - a scroll of teleportation {unknown}
 n - 3 scrolls of enchant weapon {unknown}
 q - a scroll of remove curse
 u - a scroll of amnesia {unknown}
Potions
 d - 2 potions of might
 e - a potion of magic {unknown}
 k - 2 potions of curing {unknown}
 l - a potion of berserk rage {unknown}
 o - a potion of invisibility {unknown}
 p - 2 potions of degeneration {unknown}
 t - a potion of agility {unknown}
Comestibles
 f - 2 rations


   Skills:
 - Level 3.2 Fighting
 + Level 7.9 Maces & Flails
 + Level 3.7 Armour
 - Level 2.2 Dodging
 - Level 0.2 Stealth
 - Level 3.2 Shields


You had 6 spell levels left.
You didn't know any spells.
Your spell library was empty.

Dungeon Overview and Level Annotations

Branches:
Dungeon (4/15)
 Temple: D:4-7

Altars:
Gozag

Annotations:
D:4 Dowan


Innate Abilities, Weirdness & Mutations

You are resistant to torment.
Your stone body is resilient. (AC +4)
You are immune to poison.
You resist negative energy. (rN+)
You are resistant to electric shocks. (rElec)
You can survive without breathing.
You are immune to petrification.
You are immune to rotting.


Message History

Dowan breathes, "And she was my only..."
Dowan hits you with a +0 dagger. Dowan casts a spell at you.
The shard of ice hits you!
* * * LOW HITPOINT WARNING * * *
There is an opulent altar of Gozag here.
You closely miss Dowan.
Dowan is almost dead.
Dowan hits you with a +0 dagger.
* * * LOW HITPOINT WARNING * * *
Dowan points at you and mumbles some strange words.
The stone arrow hits you.
* * * LOW HITPOINT WARNING * * *
You hit Dowan.
Dowan is almost dead.
You block Dowan's attack.
Dowan points at you and mumbles some strange words.
The shard of ice hits you!
You die...
Your body crumbles into a pile of gold.

###..####.........#
......# ##...##...
....### ##..# ##..#
##..# #...##
#...###+###
#...##.###..##.....##
...........##.......#
#.##...##..##.......#
.#####. #...+...@...+
.###... ###.#....e..#
......# #.#.......#
....... #.##.....##
.##.... #..###'###
....... ##...).#
......# #######
....[>< .......


You could see Dowan.

Vanquished Creatures
  Grinder (D:4)
  Duvessa (D:4)
  A water moccasin skeleton (D:4)
  A scorpion (D:4)
  A jelly (D:4)
  An orc wizard (D:3)
  2 orc priests
  A centaur skeleton (D:4)
  Ijyb (D:3)
  A worker ant (D:4)
  3 gnolls (D:4)
  7 adders
  A worm (D:3)
  2 dart slugs
  4 leopard geckos
  11 orcs
  8 bats
  3 giant cockroaches
  2 goblins (D:3)
  6 hobgoblins
  4 jackals (D:2)
  2 quokkas
  5 frilled lizards
  4 kobolds
  5 rats
78 creatures vanquished.

Notes
Turn   | Place    | Note
-------+----------+-------------------------------------------
     0 | D:1      | Anathary the Gargoyle Fighter began the quest for the Orb.
     0 | D:1      | Reached XP level 1. HP: 14/14 MP: 1/1
   140 | D:1      | Reached XP level 2. HP: 2/19 MP: 2/2
   693 | D:2      | Reached skill level 3 in Maces & Flails
   724 | D:2      | Reached XP level 3. HP: 23/23 MP: 3/3
  1392 | D:2      | Reached XP level 4. HP: 28/28 MP: 4/4
  1578 | D:3      | Reached skill level 4 in Maces & Flails
  1701 | D:3      | Reached skill level 1 in Dodging
  1861 | D:3      | Found an opulent altar of Gozag.
  1869 | D:3      | Became a worshipper of Gozag Ym Sagoz the Greedy
  2116 | D:3      | Reached XP level 5. HP: 32/32 MP: 5/5
  2139 | D:3      | Reached skill level 5 in Maces & Flails
  2287 | D:3      | Noticed Ijyb
  2303 | D:3      | Paralysed by Ijyb for 2 turns
  2306 | D:3      | Paralysed by Ijyb for 3 turns
  2313 | D:3      | Killed Ijyb
  2565 | D:4      | Reached XP level 6. HP: 29/37 MP: 6/6
  2592 | D:4      | HP: 1/37 [water moccasin skeleton (1)]
  2929 | D:4      | Reached skill level 6 in Maces & Flails
  3040 | D:4      | Noticed Grinder
  3056 | D:4      | Paralysed by Grinder for 4 turns
  3235 | D:4      | Paralysed by Grinder for 4 turns
  3253 | D:4      | Killed Grinder
  3253 | D:4      | Reached skill level 7 in Maces & Flails
  3253 | D:4      | Reached XP level 7. HP: 17/41 MP: 7/7
  3748 | D:4      | Found an opulent altar of Gozag.
  3748 | D:4      | Noticed Duvessa
  3748 | D:4      | Noticed Dowan
  3774 | D:4      | Killed Duvessa
  3804 | D:4      | Killed from afar by Dowan

Levels and vault maps discovered:
D:1:      minmay_arrival_jagged, layout_rooms, wad_floor_pattern_1
D:2:      layout_loops_cross
D:3:      layout_loops_cross, nicolae_gozag_seed_capital, minmay_distorted,
          uniq_ijyb
D:4:      layout_cave_pools, kennysheep_flooded_box, kennysheep_generic_room_16,
          uniq_grinder, uniq_duvessa

Skill      XL: |  1  2  3  4  5  6 |
---------------+-------------------+-----
Maces & Flails | 3 4 5 7 |  7.9
Dodging        | 1 2 |  2.2
Fighting       | |  3.2
Armour         | |  3.7
Stealth        | |  0.2
Shields        | |  3.2

Action                   |  1- 3 |  4- 6 |  7- 9 || total
-------------------------+-------+-------+-------++-------
Melee: Flail             |   134 |   197 |    83 ||   414
  Use: Scroll            |     1 |     1 |       ||     2
 Stab: Distracted        |       |       |     1 ||     1
  Eat: Ration            |     1 |     2 |       ||     3
Armor: Scale mail        |    83 |    94 |    37 ||   214
       Ring mail         |       |     8 |       ||     8
Dodge: Dodged            |    48 |    49 |    14 ||   111
Block: Shield            |    69 |    93 |    35 ||   197

Table legend:
 A = Non-vault XP
 B = Vault XP
 C = Vault XP percentage of total XP
 D = Non-vault monster count
 E = Vault monster count
 F = Vault count percentage of total count
                 A         B        C        D         E       F
            +---------+---------+-------+---------+---------+-------
      Total |     638 |     464 |  42.1 |      73 |       5 |   6.4
            +---------+---------+-------+---------+---------+-------
        D:1 |      18 |       0 |   0.0 |      11 |       0 |   0.0
        D:2 |      69 |       0 |   0.0 |      19 |       0 |   0.0
        D:3 |     168 |      40 |  19.2 |      24 |       3 |  11.1
        D:4 |     383 |     424 |  52.5 |      19 |       2 |   9.5
            +---------+---------+-------+---------+---------+-------
